 Dungeon Crawl Stone Soup version 0.30-b1-2-g02819fbbbe (webtiles) character file.

Game seed: 12314288921599942536

184 jt the Sneak (level 5, -4/40 HPs)
             Began as a Djinni Brigand on May 7, 2023.
             Was a Follower of Nemelex Xobeh.
             Slain by a black bear (5 damage)
             ... on level 4 of the Dungeon.
             The game lasted 00:07:26 (2273 turns).

jt the Sneak (Djinni Brigand)                       Turns: 2273, Time: 00:07:27

Health: -4/40      AC:  4    Str: 10    XL:     5   Next: 95%
Gold:   189        EV: 13    Int: 14    God:    Nemelex Xobeh [*.....] SH:  0 Dex: 15

rFire   + . .        a - +2 dagger
rCold   . . .        (no shield)
rNeg    . . .        b - +0 robe
rPois   ∞            (no helmet)
rElec   .            c - +0 cloak
rCorr   .            n - +0 pair of gloves
SInv    .            (boots unavailable)
Will    .....        (no amulet)
Stlth   ++           m - ring of ice
HPRegen 0.26/turn    (no ring)
MPRegen 0.00/turn

%: infuse magic (-5 HP)
@: flying
A: sickness immunity, fire resistance 2, cold vulnerability 1, float, innate
caster, HP casting, extra vitality 1
a: Renounce Religion, Draw Escape, Draw Destruction, Draw Summoning


You were on level 4 of the Dungeon.
You worshipped Nemelex Xobeh.
Nemelex Xobeh was aware of your devotion.
You visited 1 branch of the dungeon, and saw 4 of its levels.

You collected 189 gold pieces.

Inventory:

Hand Weapons
 a - a +2 dagger (weapon)
 o - a +0 rapier
 t - a +1 mace of draining
 v - a +0 trident
Missiles
 d - 19 poisoned darts (quivered)
 e - 2 curare-tipped darts
 f - 24 stones
Armour
 b - a +0 robe (worn)
 c - a +0 cloak (worn)
 n - a +0 pair of gloves (worn)
Jewellery
 m - a ring of ice (left hand)
Scrolls
 g - a scroll of teleportation
 k - a scroll of torment {unknown}
 l - a scroll of poison
 u - a scroll of immolation {unknown}
Potions
 h - a potion of haste
 i - a potion of ambrosia {unknown}
 j - a potion of degeneration {unknown}
 p - 4 potions of cancellation
 q - a potion of curing
 r - a potion of attraction {unknown}
 s - 2 potions of heal wounds {unknown}


   Skills:
 - Level 3.2 Fighting
 - Level 2.9 Short Blades
 - Level 1.5 Throwing
 - Level 2.9 Dodging
 - Level 3.2 Stealth
 + Level 1.6 Spellcasting


You knew the following spells:

 Your Spells              Type           Power      Damage    Failure   Level
a - Sandblast             Erth           10%        2d5       13%         1
b - Passwall              Tmut/Erth      4%         N/A       19%         2
Your spell library was empty.

Dungeon Overview and Level Annotations

Branches:
Dungeon (4/15)
 Temple: D:4-7

Altars:
Cheibriados
Nemelex Xobeh


Innate Abilities, Weirdness & Mutations

You are immune to sickness and miasma.
You are immune to poison.
Your flesh is very heat resistant. (rF++)
You are vulnerable to cold. (rC-)
You float through the air rather than walking.
You learn spells naturally, not from books.
Your magical power is your life essence.
You have superior vitality. (+4 MHP)


Message History

The black bear seems to slow down.
The black bear is moderately wounded.
You hit the black bear but do no damage.
The black bear is moderately wounded.
The black bear bites you.
The black bear claws you but does no damage.
The black bear claws you.
You hit the black bear.
The black bear is heavily wounded.
You barely miss the black bear.
The black bear is heavily wounded.
The black bear bites you. The black bear barely misses you.
The black bear misses you.
You hit the black bear.
The black bear is severely wounded.
You hit the black bear.
The black bear is almost dead.
The black bear shakes off its lethargy.
The black bear goes berserk!
You hit the black bear.
The black bear is almost dead.
The black bear bites you. The black bear closely misses you.
The black bear claws you.
Casting: Sandblast (safe; 13% risk of failure)
Confirm with . or Enter, or press ? or * to list all spells.
Aiming: Sandblast (safe; 13% risk of failure)
Press: ? - help, Shift-Dir - straight line, f/p - black bear
Aim: a black bear (almost dead, berserk, poisoned, 86% to hit)
The blast of sand hits the black bear.
The black bear is almost dead.
The black bear bites you.
* * * LOW HITPOINT WARNING * * *
The black bear claws you.
* * * LOW HITPOINT WARNING * * *
The black bear claws you.
* * * LOW HITPOINT WARNING * * *
The black bear bites you.
* * * LOW HITPOINT WARNING * * *
The black bear barely misses you. The black bear claws you.
You die...
Your body disappears without a glow.

### ..# ###.#
#..h# #@#### #
#....# #.#.##.# #
#######.#.##.# #
#.....#......# #
#.#...###.####
########.#...# #.#
.....#......## #.#
####.##.#.######.#


You could see a black bear (berserk, poisoned).

Vanquished Creatures
  A scorpion (D:2)
  An orc wizard (D:3)
  3 adders
  2 worms
  A dart slug (D:2)
  5 orcs (D:3)
  4 bats
  8 endoplasms
  4 giant cockroaches (D:3)
  4 goblins
  5 hobgoblins
  9 kobolds
  A quokka (D:2)
  8 ball pythons
  2 frilled lizards
  3 rats
61 creatures vanquished.

Notes
Turn   | Place    | Note
-------+----------+-------------------------------------------
     0 | D:1      | jt the Djinni Brigand began the quest for the Orb.
     0 | D:1      | Reached XP level 1. HP: 18/18 MP: 0/0
   170 | D:1      | Reached XP level 2. HP: 22/23 MP: 0/0
   584 | D:2      | Reached XP level 3. HP: 29/29 MP: 0/0
   584 | D:2      | Learned a level 1 spell: Sandblast
   811 | D:2      | Reached XP level 4. HP: 34/34 MP: 0/0
  1147 | D:2      | Noticed a scorpion
  1175 | D:2      | Killed a scorpion
  1176 | D:2      | Reached XP level 5. HP: 14/40 MP: 0/0
  1176 | D:2      | Learned a level 2 spell: Passwall
  1389 | D:3      | Found a sparkling altar of Nemelex Xobeh.
  1524 | D:3      | Found a faded altar of an unknown god.
  1566 | D:3      | Reached skill level 1 in Spellcasting
  1576 | D:3      | Found a snail-covered altar of Cheibriados.
  1580 | D:3      | Prayed at the altar of an unknown god.
  1580 | D:3      | Became a worshipper of Nemelex Xobeh the Trickster
  1580 | D:3      | Reached * piety under Nemelex Xobeh
  1580 | D:3      | Received a gift from Nemelex Xobeh
  1902 | D:3      | Noticed a phantom
  2258 | D:4      | Noticed a black bear
  2273 | D:4      | HP: 1/40 [black bear (2)]
  2273 | D:4      | Slain by a black bear

Illustrated notes

Levels and vault maps discovered:
D:1:      dpeg_arrival_rooms_b, layout_rooms, minmay_split_cup_large
D:2:      layout_rooms
D:3:      minmay_chambers_of_twos, layout_basic,
          nicolae_overflow_ecumenical_swirl, nemelex_diamond_rough_becter,
          serial_corexii_hall, corexii_hall_statues_i, corexii_hall_statues_i,
          columned_hall_lemuel
D:4:      layout_basic, fedhas_altar_1, minmay_overflow_temple_star_quad,
          minmay_temple_entry_enclosed_plants

Skill      XL: |  1  2  3  4  5 |
---------------+----------------+-----
Short Blades   | 2 |  2.9
Dodging        | 2 |  2.9
Fighting       | 3 |  3.2
Spellcasting   | 1 |  1.6
Throwing       | |  1.5
Stealth        | |  3.2

Action                     |  1- 3 |  4- 6 || total
---------------------------+-------+-------++-------
  Melee: Dagger            |    97 |   131 ||   228
  Throw: Dart              |       |     7 ||     7
   Cast: Sandblast         |    11 |    24 ||    35
    Use: Scroll            |       |     5 ||     5
         Potion            |       |     2 ||     2
   Stab: Sleeping          |     6 |     6 ||    12
 Armour: Robe              |    33 |    23 ||    56
  Dodge: Dodged            |    61 |    67 ||   128
